 Dungeon Sprint DCSS version 0.31.0-12-g77e489cdc1 (webtiles) character file.

Game seed: 7778855899580157261

5 DeltaZero the Cleaver (level 5, 0/57 HPs)
             Began as a Minotaur Berserker on Feb 12, 2024.
             Was a Believer of Trog.
             Shot with an arrow by a centaur (12 damage)
             ... in the Dungeon (Sprint VI: "Thunderdome").
             The game lasted 00:03:08 (227 turns).

DeltaZero the Cleaver (Minotaur Berserker)           Turns: 227, Time: 00:03:09

Health: 0/57       AC:  3    Str: 24    XL:     5   Next: 48%
Magic:  4/4        EV: 13    Int:  4    God:    Trog [**....]
Gold:   210        SH:  0    Dex:  9    Spells: 4/4 levels left

rFire   + . .        a - +0 hand axe
rCold   . . .        (no shield)
rNeg    . . .        n - +1 robe {rF+}
rPois   .            (helmet restricted)
rElec   .            (no cloak)
rCorr   .            (no gloves)
SInv    .            (no boots)
Will    .....        (no amulet)
Stlth   +            (no ring)
HPRegen 0.29/turn    (no ring)
MPRegen 0.09/turn

%: no teleportation
@: no status effects
A: horns 2, retaliatory headbutt
a: Renounce Religion, Berserk, Trog's Hand


You were in the Dungeon.
You worshipped Trog.
Trog was pleased with you.
You visited 1 branch You collected 210 gold pieces.

Inventory:

Hand Weapons
 a - a +0 hand axe (weapon)
 m - a +0 scythe
Armour
 b - a +0 animal skin
 n - a +1 robe of fire resistance (worn)
Wands
 j - a wand of acid (5)
 k - a wand of iceblast (5)
Scrolls
 h - 4 scrolls of blinking
 l - 3 scrolls of fog
Potions
 c - a potion of curing
 d - 4 potions of heal wounds
 e - 4 potions of haste
 f - 2 potions of magic
 g - a potion of berserk rage
 i - a potion of resistance


   Skills:
 + Level 9.2 Fighting
 + Level 9.5 Axes
 + Level 4.5 Armour
 + Level 4.9 Dodging


You had 4 spell levels left.
You didn't know any spells.
Your spell library was empty.

Dungeon Overview and Level Annotations

Branches:
Dungeon (1/1)

Altars:
Cheibriados
Dithmenos
Fedhas
Gozag
Kikubaaqudgha
Makhleb
Okawaru
Qazlal
Ru
Sif Muna
Trog
Uskayaw
Vehumet
Wu Jian
Xom
Yredelemnul
Zin
The Shining One
Lugonu

Shops:
D *[=??*?*:[((!!!!


Innate Abilities, Weirdness & Mutations

You have a pair of horns on your head.
You reflexively headbutt those who attack you in melee.


Message History

You slash Sigmund! You headbutt Sigmund.
Sigmund is heavily wounded.
Sigmund barely misses you.
You completely miss Sigmund.
Sigmund is heavily wounded.
Sigmund hits you with a +0 scythe.
* * * LOW HITPOINT WARNING * * *
You slash Sigmund! You headbutt Sigmund.
You kill Sigmund!
Trog accepts your kill.
Trog appreciates your killing of a magic user.
Your Fighting skill gained 4 levels and is now at level 9!
Your Axes skill gained 4 levels and is now at level 9!
Your Armour skill increases to level 4!
Your Dodging skill increases to level 4!
You have reached level 4!
You feel stronger.
You have reached level 5!
Things that are here:
a +0 scythe; a +1 robe of fire resistance
m - a +0 scythe;
n - a +1 robe of fire resistance You feel the effects of Trog's Hand fading.
You start removing your armour.
You continue taking off your +0 animal skin. x4
You finish taking off your +0 animal skin.
You start putting on your armour.
You continue putting on your +1 robe of fire resistance. x2
Your skin stops crawling.
You feel less strong-willed.
You continue putting on your +1 robe of fire resistance. x3
You finish putting on your +1 robe of fire resistance.
You feel resistant to fire.
You start resting.
A centaur comes into view.
You are too injured to fight recklessly!
The centaur wields a +0 shortbow.
The centaur shoots an arrow.
The arrow hits you!
The centaur shoots an arrow.
The arrow hits you!
* * * LOW HITPOINT WARNING * * *
The centaur shoots an arrow.
The arrow hits you!
You die...

......_# ......_#
.......###
........⌠#
.......8.######
.###......___∩## .#
#.8........∩###
.###.............##
#...###.........@⌠#
#.<.# #..........⌠#
#...###..........c#
.###.............##
.# #.8........∩###
.###......___∩##
.......8.######
........⌠#
.......###


You could see a centaur.

Vanquished Creatures
  Sigmund (D)
  A jelly (D)
  3 endoplasms (D)
5 creatures vanquished.

Notes
Turn   | Place    | Note
-------+----------+-------------------------------------------
     0 | D        | DeltaZero the Minotaur Berserker began the quest for the
                  | Orb.
     0 | D        | Reached XP level 1. HP: 19/19 MP: 0/0
     1 | D        | Found a glowing golden altar of the Shining One.
     1 | D        | Found a hide-covered altar of Uskayaw.
     2 | D        | Found a glowing silver altar of Zin.
     2 | D        | Found an ornate altar of the Wu Jian Council.
     3 | D        | Found a bloodstained altar of Trog.
     4 | D        | Found a burning altar of Makhleb.
     4 | D        | Found an iron altar of Okawaru.
     4 | D        | Found Durumyrr's Staff Store.
     4 | D        | Found Ceinab's Magic Scroll Shop.
     5 | D        | Found a shimmering altar of Xom.
     5 | D        | Found Qacaguge's Must-Have Magic.
     5 | D        | Found Ypsag's Magic Scroll Shop.
     5 | D        | Round 1.
    23 | D        | Found a stormy altar of Qazlal.
    27 | D        | Found a basalt altar of Yredelemnul.
    27 | D        | Found Wamidadgh's Timeless Talismans.
    27 | D        | Found Qaff's Jewellery.
    28 | D        | Found Mis Hanyech's Advanced Armour.
    34 | D        | Found Houdgh's Identification Station.
    34 | D        | Found a sacrificial altar of Ru.
    34 | D        | Found a corrupted altar of Lugonu.
    50 | D        | Found a radiant altar of Vehumet.
    52 | D        | Found a blossoming altar of Fedhas.
    52 | D        | Found Gaehumaj's Premium Goods.
    52 | D        | Found Fuzur's Miscellaneous Merchandise.
    53 | D        | Found Waum's Basic Armour.
    59 | D        | Found Inosixiwk's Weapon Rack.
    59 | D        | Found a shadowy altar of Dithmenos.
    59 | D        | Found a snail-covered altar of Cheibriados.
    81 | D        | Found an opulent altar of Gozag.
    82 | D        | Found an ancient bone altar of Kikubaaqudgha.
    83 | D        | Found a shimmering blue altar of Sif Muna.
    83 | D        | Found Jepukhe's Do-It-Yourself Clinic.
    84 | D        | Reached ** piety under Trog
    92 | D        | Found Veish's Bottled Wisdom.
    92 | D        | Found Acvukh's Distillery.
    99 | D        | Found Xyluef's Distillery.
   143 | D        | Noticed a jelly
   148 | D        | Killed a jelly
   149 | D        | Reached skill level 5 in Fighting
   149 | D        | Reached skill level 5 in Axes
   149 | D        | Reached XP level 2. HP: 19/30 MP: 1/1
   149 | D        | Reached XP level 3. HP: 23/37 MP: 2/2
   154 | D        | Arena points: 5 (+5) [x1]
   169 | D        | Round 2.
   170 | D        | Noticed Sigmund
   187 | D        | Killed Sigmund
   188 | D        | Reached XP level 4. HP: 7/50 MP: 3/3
   188 | D        | Reached XP level 5. HP: 8/57 MP: 4/4
   225 | D        | Noticed a centaur
   227 | D        | Shot with an arrow by a centaur

Illustrated notes

Levels and vault maps discovered:
D:        arena_sprint

Skill      XL: |  1  2  3 |
---------------+----------+-----
Fighting       | 5 9 |  9.2
Axes           | 5 9 |  9.5
Armour         | 3 4 |  4.5
Dodging        | 3 4 |  4.9

Action                     |  1- 3 |  4- 6 || total
---------------------------+-------+-------++-------
  Melee: Hand axe          |    18 |       ||    18
         Headbutt          |     4 |       ||     4
 Invoke: Trog's Hand       |     1 |       ||     1
 Armour: Animal skin       |     9 |       ||     9
         Robe              |       |     3 ||     3
  Dodge: Dodged            |     6 |       ||     6
